 Dungeon Crawl Stone Soup version 0.25-a0-24-g72dcfe0359 (webtiles) character file.

Game seed: 5626307416863763626, levelgen mode: deterministic

63043 CryoSword the Spear-Bearer (level 15, -1/108 HPs)
             Began as a Merfolk Skald on Oct 16, 2019.
             Was a High Priest of Hepliaklqana.
             Succumbed to Nessos's poison
             ... on level 2 of the Orcish Mines on Oct 17, 2019.
             The game lasted 02:19:50 (29471 turns).

CryoSword the Spear-Bearer (Merfolk Skald)         Turns: 29471, Time: 02:19:51

Health: -1/108     AC: 14    Str: 14    XL:     15   Next: 8%
Magic:  0/24       EV: 18    Int: 16    God:    Hepliaklqana [*****.]
Gold:   1414       SH: 12    Dex: 17    Spells: 15/26 levels left

rFire    . . .     SeeInvis .   R - +2 demon trident (venom)
rCold    . . .     Gourm    .   i - +0 shield
rNeg     + . .     Faith    .   P - +0 acid dragon scales
rPois    .         Spirit   +   D - +1 helmet
rElec    .         Reflect  .   r - scarf {Spirit}
rCorr    +         Harm     .   h - +1 pair of gloves
MR       +....                  H - +1 pair of boots {Fly}
Stlth    +++.......             S - amulet of rage
HPRegen  0.28/turn              K - +3 ring of dexterity
MPRegen  0.19/turn              v - ring of positive energy

@: lethally poisoned (-1 -> -48)
A: change form in water, swift swim, stealthy swim, reduced essence
a: Recall Ancestor, Ancestor Identity, Transference, Idealise, Renounce
Religion, Evoke Berserk Rage, Evoke Flight


You were on level 2 of the Orcish Mines.
You worshipped Hepliaklqana.
Hepliaklqana was extremely pleased with you.
You were hungry.

You visited 4 branches of the dungeon, and saw 21 of its levels.
You also visited: Gauntlet.

You collected 1932 gold pieces.
You spent 518 gold pieces at shops.

Inventory:

Hand Weapons
 R - a +2 demon trident of venom (weapon)
   (You found it on level 6 of the Lair of Beasts)
Missiles
 f - 2 throwing nets {!f}
 E - 20 poisoned darts (quivered)
Armour
 h - a +1 pair of gloves (worn)
   (You found it on level 1 of the Dungeon)
 i - a +0 shield (worn)
   (You took it off Donald on level 1 of the Orcish Mines)
 r - a scarf of spirit shield (worn)
   (You found it in a Gauntlet)
 t - a +0 troll leather armour
   (You found it on level 2 of the Orcish Mines)
 u - a +2 leather armour of poison resistance
   (You bought it in a shop on level 4 of the Dungeon)
 D - a +1 helmet (worn)
   (You found it on level 5 of the Dungeon)
 H - a +1 pair of boots of flying (worn)
   (You bought it in a shop on level 4 of the Dungeon)
 P - +0 acid dragon scales (worn)
   (You found it on level 11 of the Dungeon)
Jewellery
 p - an uncursed ring of ice
   (You found it on level 2 of the Dungeon)
 v - a ring of positive energy (right hand)
   (You found it on level 5 of the Lair of Beasts)
 K - a +3 ring of dexterity (left hand)
   (You found it on level 8 of the Dungeon)
 S - an amulet of rage (around neck)
   (You found it on level 1 of the Lair of Beasts)
 T - an uncursed ring of fire
   (You found it on level 4 of the Lair of Beasts)
Wands
 b - a wand of scattershot (3)
   (You took it off an orc on level 11 of the Dungeon)
 L - a wand of iceblast (15)
   (You found it on level 8 of the Dungeon)
 O - a wand of clouds (11)
   (You found it on level 9 of the Dungeon)
 Q - a wand of acid (5)
   (You found it on level 1 of the Lair of Beasts)
 V - a wand of paralysis (13)
   (You found it on level 5 of the Lair of Beasts)
 W - a wand of enslavement (6)
   (You found it on level 6 of the Lair of Beasts)
Scrolls
 e - a scroll of identify {@r1}
 j - a scroll of brand weapon
 m - 9 scrolls of teleportation {@r4}
 x - 2 scrolls of blinking
 y - a scroll of amnesia
 B - 2 scrolls of magic mapping
 J - 2 scrolls of fog
 N - 4 scrolls of remove curse {@r2}
Potions
 a - 4 potions of curing {@q1}
 g - 2 potions of resistance
 k - 4 potions of brilliance
 l - 2 potions of magic
 n - 5 potions of heal wounds {@q2}
 o - 2 potions of might
 q - 2 potions of haste {unknown}
 s - a potion of berserk rage {unknown}
 z - 2 potions of lignification {unknown}
 A - a potion of mutation {unknown}
 C - a potion of ambrosia {unknown}
 F - 4 potions of flight
 G - a potion of cancellation {unknown}
 M - 3 potions of agility {unknown}
Miscellaneous
 I - a lamp of fire
   (You found it on level 11 of the Dungeon)
Comestibles
 c - 9 chunks of flesh
 d - 29 rations {!d}


   Skills:
 + Level 11.8 Fighting
 - Level 14.0 Polearms
 + Level 5.8 Armour
 + Level 11.5 Dodging
 + Level 5.3 Stealth
 * Level 10.3 Shields
 - Level 6.0 Spellcasting
 - Level 5.0 Hexes
 - Level 10.0 Charms
 - Level 5.0 Necromancy
 - Level 5.0 Translocations
 + Level 4.6 Invocations


You had 15 spell levels left.
You knew the following spells:

 Your Spells              Type           Power        Failure   Level  Hunger
a - Infusion              Chrm           ####         1%          1    None
b - Song of Slaying       Chrm           #####...     1%          2    #......
c - Shroud of Golubria    Chrm/Tloc      ####..       2%          2    #......
d - Regeneration          Chrm/Necr      ####......   4%          3    ##.....
e - Spectral Weapon       Hex/Chrm       ####....     4%          3    ##.....

Your spell library contained the following spells:

 Spells                   Type           Power        Failure   Level  Hunger
 Apportation              Tloc           ###...       4%          1    None
 Lesser Beckoning         Tloc           ###.......   13%         3    ##.....
 Portal Projectile        Hex/Tloc       ###...       13%         3    ##.....
 Teleport Other           Tloc           ###.....     13%         3    ##.....
 Tukima's Dance           Hex            ###.....     13%         3    ##.....
 Summon Butterflies       Summ           #.......     34%         1    None
 Summon Small Mammal      Summ           #...         34%         1    None
 Recall                   Summ/Tloc      N/A          36%         3    ##.....
 Summon Guardian Golem    Hex/Summ       ##......     36%         3    ##.....
 Passage of Golubria      Tloc           N/A          41%         4    ####...
 Call Imp                 Summ           #.......     45%         2    #......
 Call Canine Familiar     Summ           #.......     71%         3    ##.....
 Fulminant Prism          Conj/Hex       ##........   77%         4    ####...
 Summon Ice Beast         Ice/Summ       #.......     98%         4    ####...
 Summon Lightning Spire   Summ/Air       #.......     98%         4    ####...
 Throw Icicle             Conj/Ice       #.......     98%         4    ####...
 Alistair's Intoxication  Tmut/Pois      #.......     100%        5    ######.
 Invisibility             Hex            ###.....     100%        6    #######
 Iron Shot                Conj/Erth      #.........   100%        6    #######


Dungeon Overview and Level Annotations

Branches:
Dungeon (12/15)            Temple (1/1) D:6            Lair (6/6) D:11
  Swamp (0/4) Lair:2        Snake (0/4) Lair:2        Slime (0/5) Lair:5
    Orc (2/2) D:12        Gauntlet (visited)
    Elf: Orc:2

Altars:
Ashenzari
Cheibriados
Dithmenos
Elyvilon
Fedhas
Gozag
Hepliaklqana
Kikubaaqudgha
Makhleb
Nemelex Xobeh
Okawaru
Qazlal
Ru
Sif Muna
Trog
Uskayaw
Vehumet
Wu Jian
Xom
Yredelemnul
Zin
The Shining One
Jiyva

Shops:
D:4 *[%[:   D:6 (   D:10 (

Annotations:
Orc:1 2 transporters, dorpapst's ghost, journeyman HOBe
Orc:2 Nessos


Message History

The orc priest invokes the aid of Beogh against you.
Beogh smites you!
An orc wizard comes into view. It is wielding a +0 dagger.
Your shield and acid dragon scales prevent you from hitting the orc wizard.
The orc wizard is moderately wounded.
Your spectral weapon hits the orc wizard from afar.
The orc wizard looks as sick as possible!
You block the orc wizard's attack.
Thorgils hits the orc wizard with a +0 dagger of draining.
Thorgils drains the orc wizard.
You barely miss the orc wizard.
The orc wizard is severely wounded.
You kill the orc wizard!
Thorgils hits the orc priest but does no damage.
You impale the orc priest!!
You kill the orc priest!
The orc wizard gestures wildly while chanting.
The orc wizard seems to speed up.
Nessos casts a spell.
Nessos seems to speed up.
Nessos shoots an arrow.
The arrow hits you!! The arrow burns you!
Items here: ( ) [[ † an arrow; a +0 leather armour; a +0 dagger; a +0 robe; an orc corpse Attack whom?
Press: ? - help, Dir - move target cursor, f - orc wizard
Aim: an orc wizard, wielding a +0 dagger and wearing a +0 robe (fast)
You reach to attack!
You puncture the orc wizard!!
You kill the orc wizard!
Nessos shoots an arrow.
You block the arrow.
Nessos shoots an arrow.
You block the arrow.
Found 58 gold pieces.
You see here an arrow.
Nessos shoots an arrow.
The arrow hits you but does no damage.
Thorgils points at Nessos and mumbles some strange words.
Nessos resists with significant effort.
Nessos blinks!
You see here an arrow.
Nessos shoots an arrow.
The arrow hits you! The arrow burns you.
You are poisoned.
Nessos shoots an arrow.
The arrow hits you. The arrow burns you.
You are more poisoned.
You see here an arrow.
Your magical infusion is running out.
You feel sick.
Nessos shoots an arrow.
The arrow hits you but does no damage.
You feel sick.
Nessos shoots an arrow.
The arrow hits Thorgils.
Nessos shoots an arrow.
The arrow hits Thorgils!
Thorgils casts a spell at Nessos.
Nessos resists with significant effort.
You are too injured to fight recklessly!
You are too injured to fight recklessly!
Attack whom?
Press: ? - help, Dir - move target cursor, f - Nessos
Aim: Nessos, wielding a +1 longbow of flaming and wearing a +0 centaur barding (fast)
You reach to attack!
You barely miss Nessos.
You feel sick.
Your spectral weapon hits Nessos from afar!
Nessos is poisoned.
Nessos shoots an arrow.
The arrow hits Thorgils!!
The arrow burns Thorgils.
Thorgils hits Nessos with a +0 dagger of draining.
Attack whom?
Press: ? - help, Dir - move target cursor, f/p - Nessos
Aim: Nessos, wielding a +1 longbow of flaming and wearing a +0 centaur barding (lightly wounded, fast, poisoned)
You reach to attack!
You hit Nessos.
Nessos is moderately wounded.
You feel sick.
Your spectral weapon barely misses Nessos.
Nessos shoots an arrow.
The arrow hits Thorgils!
The arrow burns Thorgils.
Thorgils is destroyed!
Attack whom?
Press: ? - help, Dir - move target cursor, f/p - Nessos
Aim: Nessos, wielding a +1 longbow of flaming and wearing a +0 centaur barding (moderately wounded, fast, poisoned)
You reach to attack!
You puncture Nessos!
Nessos looks as sick as possible!
Nessos is heavily wounded.
You feel sick.
Your spectral weapon hits Nessos but does no damage.
Nessos looks as sick as possible!
Nessos shoots an arrow.
The arrow hits you!
* * * LOW HITPOINT WARNING * * *
The arrow burns you!
You are more poisoned.
* * * LOW HITPOINT WARNING * * *
You feel sick.
Nessos shoots an arrow.
The arrow barely misses your spectral weapon.
You block the arrow.
Nessos shoots an arrow.
You block the arrow.
You see here 4 arrows.
You feel sick.
Nessos shoots an arrow.
The arrow hits you!
* * * LOW HITPOINT WARNING * * *
The arrow burns you.
You are lethally poisoned!
* * * LOW HITPOINT WARNING * * *
Nessos blinks!
You see here an arrow.
You are no longer magically infusing your attacks.
* * * LOW HITPOINT WARNING * * *
You feel very sick.
Nessos blinks!
Nessos shoots an arrow.
The arrow hits you!
* * * LOW HITPOINT WARNING * * *
The arrow burns you!
You are more poisoned.
* * * LOW HITPOINT WARNING * * *
There is a stone staircase leading up, spattered with blood here.
You see here an arrow.
You die...

.#....$.............#
..............$.$$.###
........$.#..........#
.......<(###.......$#
.c......###.§......##
.#.......c...((.....#
#.............($...###
##.#..........((.....#
###..$.......@()#.....
#..$.......(..# ....
####....$..#..## .##
#.....).......#
#.....).<..#.#.#
.........÷.......#
......##......#.##
......#.........#
...#####........#


You could see Nessos and a friendly spectral +2 demon trident of venom.

Vanquished Creatures
  Donald (Orc:1)
  A death ooze (Gauntlet)
  Josephine (Orc:1)
  Fannar (Lair:3)
  An ice dragon (Lair:6)
  2 catoblepae
  8 hydras
  2 two-headed ogres
  6 death yaks
  Nergalle (Orc:1)
  A lindwurm (Lair:6)
  2 wolf spiders (D:11)
  3 ugly things
  A wolf spider (shapeshifter) (Gauntlet)
  3 black mambas (Lair:6)
  4 cyclopes
  2 manticores (Lair:6)
  18 elephants
  8 spiny frogs
  2 torpor snails
  A gargoyle (D:11)
  Joseph (D:9)
  4 rime drakes
  4 komodo dragons
  A polar bear (Lair:4)
  5 trolls
  A slime creature (D:10)
  4 blink frogs
  6 hippogriffs
  12 dream sheep
  5 wraiths
  A vampire (D:11)
  2 wyverns
  28 yaks
  3 basilisks
  A vampire mosquito (D:11)
  Grum (D:9)
  2 hungry ghosts
  An acid dragon (D:11)
  2 nagas (Lair:2)
  7 water moccasins
  A swamp drake (Lair:1)
  2 orc warriors
  8 porcupines
  A black bear (D:11)
  A phantom (D:9)
  A sky beast (D:9)
  2 ice beasts (D:11)
  A necrophage (D:11)
  3 ogres
  17 wolves
  2 centaurs
  18 crocodiles
  3 big kobolds (D:8)
  11 bullfrogs
  A scorpion (D:6)
  13 jellies
  4 killer bees (D:9)
  7 wights
  A howler monkey (D:5)
  3 centaur zombies
  6 crimson imps
  A quasit (D:5)
  5 hounds
  8 orc priests
  A bullfrog zombie (D:12)
  14 orc wizards
  3 centaur skeletons
  3 iguanas (Lair:2)
  Terence (D:2)
  7 hell rats
  4 worker ants
  A hound zombie (D:11)
  4 gnolls (D:3)
  7 adders
  2 howler monkey skeletons
  9 shadow imps
  3 white imps (Lair:6)
  2 oozes
  An adder zombie (D:8)
  A worm (D:2)
  7 leopard geckos
  28 orcs
  4 ball pythons
  11 giant cockroaches
  6 goblins
  11 hobgoblins
  23 jackals
  2 quokkas
  18 bats
  7 frilled lizards
  A jackal zombie (D:6)
  10 kobolds
  2 quokka zombies
  3 rats
  A spectral orc (D:2)
  A plant (Lair:1)
  A spectral weapon (D:11)
479 creatures vanquished.

Vanquished Creatures (collateral kills)
  A hydra (D:8)
  A two-headed ogre (D:12)
  A death yak (Lair:5)
  An unseen horror (D:10)
  3 elephants (Lair:2)
  A rime drake (Lair:6)
  A hornet (D:11)
  A polar bear (Lair:4)
  2 blink frogs
  2 dream sheep (Lair:5)
  4 yaks
  A wraith (D:12)
  2 basilisks
  2 hungry ghosts
  2 water moccasins
  3 ogres
  4 crocodiles
  A big kobold (D:11)
  3 bullfrogs
  3 wights (D:9)
  A jelly (Lair:5)
  An iguana (D:11)
  3 orc wizards
  10 orcs
  A quokka (D:10)
  A jackal zombie (D:7)
  3 kobolds (D:11)
59 creatures vanquished.

Vanquished Creatures (others)
  33 hexers
  4 ancestors
  9 fungi
  11 plants
  38 spectral weapons
  3 withered plants (Gauntlet)
98 creatures vanquished.

Grand Total: 636 creatures vanquished

Notes
Turn   | Place    | Note
-------+----------+-------------------------------------------
     0 | D:1      | CryoSword the Merfolk Skald began the quest for the Orb.
     0 | D:1      | Reached XP level 1. HP: 16/16 MP: 3/3
   368 | D:1      | Reached XP level 2. HP: 23/23 MP: 5/5
   764 | D:1      | Learned a level 2 spell: Song of Slaying
   891 | D:2      | Reached XP level 3. HP: 26/28 MP: 2/6
   945 | D:2      | Reached skill level 4 in Polearms
  1123 | D:2      | Noticed Terence
  1194 | D:2      | Killed Terence
  1194 | D:2      | Reached XP level 4. HP: 10/34 MP: 3/7
  1635 | D:2      | Found a basalt altar of Yredelemnul.
  1855 | D:2      | Found a shattered altar of Ashenzari.
  1932 | D:2      | Learned a level 2 spell: Shroud of Golubria
  2257 | D:2      | Found a white marble altar of Elyvilon.
  2269 | D:2      | Reached skill level 5 in Polearms
  2269 | D:2      | Reached XP level 5. HP: 40/41 MP: 4/8
  2348 | D:2      | Learned a level 3 spell: Regeneration
  3755 | D:3      | Found a glowing golden altar of the Shining One.
  3882 | D:4      | Found Tiupeen's Armour Shop.
  3882 | D:4      | Found Omnaj's Food Shoppe.
  4100 | D:4      | Bought a +0 buckler for 63 gold pieces
  4164 | D:4      | Reached skill level 1 in Shields
  4164 | D:4      | Reached XP level 6. HP: 35/47 MP: 7/9
  4446 | D:4      | Found Filoem's Book Emporium.
  4662 | D:4      | Found a radiant altar of Vehumet.
  4951 | D:4      | Found Gihyteu's Antique Armour Boutique.
  5005 | D:4      | Found Genotu's Assorted Antiques.
  5120 | D:5      | Entered Level 5 of the Dungeon
  5664 | D:5      | Found a burning altar of Makhleb.
  5667 | D:5      | Found a sparkling altar of Nemelex Xobeh.
  5670 | D:5      | Found an opulent altar of Gozag.
  5673 | D:5      | Found a blossoming altar of Fedhas.
  5681 | D:5      | Reached XP level 7. HP: 52/52 MP: 10/10
  6210 | D:6      | Found Xatteuc's Weapon Shoppe.
  6236 | D:6      | Reached skill level 5 in Shields
  6455 | D:6      | Found a staircase to the Ecumenical Temple.
  6472 | Temple   | Entered the Ecumenical Temple
  6767 | Temple   | Became a worshipper of Hepliaklqana the Forgotten
  6932 | D:6      | Reached skill level 6 in Polearms
  6932 | D:6      | Reached skill level 5 in Charms
  7138 | D:6      | Learned a level 3 spell: Spectral Weapon
  7344 | D:4      | Bought a +2 leather armour of poison resistance for 224
                  | gold pieces
  7566 | D:7      | Reached XP level 8. HP: 52/52 MP: 6/12
  7596 | D:7      | Reached skill level 7 in Polearms
  7734 | D:7      | Found a hide-covered altar of Uskayaw.
  8086 | D:7      | Reached skill level 8 in Polearms
  8595 | D:8      | Noticed a hippogriff
  8608 | D:8      | Killed a hippogriff
  8608 | D:8      | Reached skill level 9 in Polearms
  8608 | D:8      | Reached XP level 9. HP: 54/57 MP: 3/15
  8729 | D:8      | Reached skill level 1 in Necromancy
  8729 | D:8      | Reached skill level 1 in Translocations
  8758 | D:8      | Reached * piety under Hepliaklqana
  8859 | D:8      | Reached skill level 1 in Hexes
  9083 | D:8      | Reached skill level 10 in Polearms
  9491 | D:8      | Noticed a three-headed hydra
  9498 | D:8      | Killed a three-headed hydra
  9498 | D:8      | Reached skill level 5 in Fighting
  9498 | D:8      | Reached skill level 11 in Polearms
  9498 | D:8      | Reached XP level 10. HP: 56/66 MP: 5/16
  9662 | D:9      | Noticed Joseph
  9672 | D:9      | Killed Joseph
  9935 | D:9      | Reached skill level 12 in Polearms
 10311 | D:9      | Reached ** piety under Hepliaklqana
 10475 | D:9      | Noticed Grum
 10491 | D:9      | Killed Grum
 10491 | D:9      | Reached skill level 5 in Dodging
 10583 | D:9      | Found a shadowy altar of Dithmenos.
 11007 | D:9      | Remembered your ancestor Thorgils as a hexer
 11008 | D:9      | Upgraded the game from 0.25-a0-21-ga5a8db46c7 to
                  | 0.25-a0-24-g72dcfe0359
 11017 | D:10     | Entered Level 10 of the Dungeon
 11203 | D:10     | Killed an unseen horror
 11203 | D:10     | Reached skill level 13 in Polearms
 11203 | D:10     | Reached XP level 11. HP: 51/74 MP: 12/17
 11330 | D:10     | Found Nexkozim's Antique Weapon Shoppe.
 11335 | D:10     | Noticed a two-headed ogre
 11777 | D:10     | Killed a two-headed ogre
 12112 | D:10     | Found a viscous altar of Jiyva.
 12376 | D:11     | Noticed a brown ugly thing
 12555 | D:11     | Noticed a brown ugly thing
 12586 | D:10     | Killed a brown ugly thing
 12741 | D:11     | Reached *** piety under Hepliaklqana
 12781 | D:11     | Reached skill level 14 in Polearms
 12816 | D:11     | Found a staircase to the Lair.
 13281 | D:11     | Killed a brown ugly thing
 13638 | D:12     | Noticed a two-headed ogre
 13650 | D:12     | Killed a two-headed ogre
 13669 | D:12     | Found a gate leading to a gauntlet.
 13675 | Gauntlet | Entered a Gauntlet
 13675 | Gauntlet | Found a transporter.
 13753 | Gauntlet | Found a transporter.
 13754 | Gauntlet | Noticed a soul eater
 13763 | Gauntlet | Found a transporter.
 13768 | Gauntlet | Found a transporter.
 13784 | Gauntlet | Found a transporter.
 13784 | Gauntlet | Noticed a hell beast
 13799 | Gauntlet | Noticed a thrashing horror
 13800 | Gauntlet | Noticed a thrashing horror
 13803 | Gauntlet | Found a transporter.
 13815 | Gauntlet | Found a transporter.
 13815 | Gauntlet | Noticed a catoblepas
 13821 | Gauntlet | Found a transporter.
 13835 | Gauntlet | Noticed a two-headed ogre
 13836 | Gauntlet | Found a transporter.
 13840 | Gauntlet | a two-headed ogre changed into a dream sheep
 13848 | Gauntlet | Found a transporter.
 13849 | Gauntlet | Noticed a moth of wrath
 13849 | Gauntlet | a hippogriff changed into a moth of wrath
 13857 | Gauntlet | Noticed a salamander
 13860 | Gauntlet | Found a transporter.
 13873 | Gauntlet | Noticed a manticore
 13873 | Gauntlet | a snapping turtle changed into a manticore
 13877 | Gauntlet | Found a transporter.
 13877 | Gauntlet | a manticore changed into a yaktaur
 13895 | Gauntlet | Found a transporter.
 13897 | Gauntlet | Found a transporter.
 13898 | Gauntlet | Noticed a death ooze
 13921 | Gauntlet | Noticed a soul eater
 13922 | Gauntlet | Found a transporter.
 13924 | Gauntlet | Found a transporter.
 13944 | Gauntlet | Found a transporter.
 14029 | Gauntlet | Noticed a mana viper
 14032 | Gauntlet | Noticed a seven-headed hydra
 14034 | Gauntlet | Found a transporter.
 14042 | Gauntlet | Noticed a queen ant
 14042 | Gauntlet | a seven-headed hydra changed into a queen ant
 14055 | Gauntlet | Noticed a spark wasp
 14055 | Gauntlet | a queen ant changed into a spark wasp
 14059 | Gauntlet | Noticed an ettin
 14059 | Gauntlet | a spark wasp changed into an ettin
 14062 | Gauntlet | Noticed an entropy weaver
 14062 | Gauntlet | an ettin changed into an entropy weaver
 14065 | Gauntlet | Noticed a swamp dragon
 14065 | Gauntlet | an eye of devastation changed into a swamp dragon
 14069 | Gauntlet | Noticed an ettin
 14069 | Gauntlet | an entropy weaver changed into an ettin
 14070 | Gauntlet | Noticed an ice dragon
 14070 | Gauntlet | an ettin changed into an ice dragon
 14080 | Gauntlet | Noticed a moth of wrath
 14080 | Gauntlet | a swamp dragon changed into a moth of wrath
 14090 | Gauntlet | Noticed a queen ant
 14090 | Gauntlet | an ice dragon changed into a queen ant
 14092 | Gauntlet | a moth of wrath changed into a wind drake
 14092 | Gauntlet | Noticed a salamander
 14092 | Gauntlet | a mana viper changed into a salamander
 14095 | Gauntlet | Noticed an alligator
 14095 | Gauntlet | a queen ant changed into an alligator
 14096 | Gauntlet | Noticed an ice dragon
 14096 | Gauntlet | an alligator changed into an ice dragon
 14504 | Gauntlet | Noticed a harpy
 14504 | Gauntlet | a rime drake changed into a harpy
 14507 | Gauntlet | Noticed a shock serpent
 14533 | Gauntlet | Killed a death ooze
 14533 | Gauntlet | Reached skill level 10 in Dodging
 14533 | Gauntlet | Reached XP level 12. HP: 39/83 MP: 6/18
 14550 | Gauntlet | Noticed a two-headed ogre
 14550 | Gauntlet | a death drake changed into a two-headed ogre
 14551 | Gauntlet | a two-headed ogre changed into a water nymph
 14584 | Gauntlet | Noticed an ettin
 14584 | Gauntlet | a slime creature changed into an ettin
 14592 | Gauntlet | an ettin changed into a wolf spider
 14593 | Gauntlet | Noticed a spark wasp
 14593 | Gauntlet | a wolf spider changed into a spark wasp
 14613 | Gauntlet | Noticed a shock serpent
 14613 | Gauntlet | a torpor snail changed into a shock serpent
 14634 | Gauntlet | a shock serpent changed into a glowing orange brain
 14652 | Gauntlet | Noticed an anaconda
 14652 | Gauntlet | a wolf spider changed into an anaconda
 14674 | Gauntlet | an anaconda changed into a tyrant leech
 14683 | Gauntlet | Noticed an alligator
 14683 | Gauntlet | a tyrant leech changed into an alligator
 14701 | Gauntlet | an alligator changed into a slime creature
 14882 | Gauntlet | Noticed an alligator
 14882 | Gauntlet | a wolf spider changed into an alligator
 14883 | Gauntlet | Noticed a spark wasp
 14887 | Gauntlet | an alligator changed into a slime creature
 14907 | Gauntlet | Noticed a two-headed ogre
 14907 | Gauntlet | a faun changed into a two-headed ogre
 14908 | Gauntlet | a two-headed ogre changed into a wolf spider
 14910 | Gauntlet | Noticed a minotaur
 14912 | Gauntlet | Noticed a satyr
 14929 | Gauntlet | Identified the Volume of Quantum Battle Magic
 14984 | D:12     | Noticed a two-headed ogre
 15723 | D:12     | Reached skill level 1 in Armour
 15952 | D:4      | Bought a +1 pair of boots of flying for 231 gold pieces
 16495 | D:11     | Reached skill level 10 in Charms
 17406 | D:12     | Killed a two-headed ogre
 17590 | D:12     | Found a staircase to the Orcish Mines.
 17956 | Lair:1   | Entered Level 1 of the Lair of Beasts
 17960 | Lair:1   | Reached **** piety under Hepliaklqana
 18859 | Lair:1   | Reached XP level 13. HP: 87/92 MP: 12/19
 18880 | Lair:2   | Reached skill level 10 in Fighting
 19315 | Lair:2   | Reached ***** piety under Hepliaklqana
 19315 | Lair:2   | Found a staircase to the Snake Pit.
 19573 | Lair:2   | Found a staircase to the Swamp.
 19862 | Lair:2   | You fall into a shaft and drop 1 floor!
 20001 | Lair:3   | Noticed Fannar
 20022 | Lair:3   | Killed Fannar
 20022 | Lair:3   | Reached skill level 5 in Spellcasting
 21660 | Lair:4   | Reached skill level 5 in Hexes
 23400 | Lair:5   | Reached skill level 5 in Necromancy
 23744 | Lair:4   | Reached skill level 5 in Translocations
 23744 | Lair:4   | Reached XP level 14. HP: 45/99 MP: 3/22
 24007 | Lair:5   | Reached skill level 1 in Stealth
 24020 | Lair:5   | Reached skill level 1 in Invocations
 24367 | Lair:5   | Found a runed translucent door.
 24368 | Lair:5   | Found a viscous altar of Jiyva.
 24370 | Lair:5   | Found a staircase to the Slime Pits.
 24586 | Lair:5   | Reached ****** piety under Hepliaklqana
 24713 | Lair:6   | Entered Level 6 of the Lair of Beasts
 24875 | Lair:6   | Reached skill level 5 in Armour
 26182 | Lair:6   | Identified a scroll of acquirement
 27718 | Lair:6   | Reached skill level 10 in Shields
 28356 | Orc:1    | Entered Level 1 of the Orcish Mines
 28361 | Orc:1    | Noticed Nergalle
 28376 | Orc:1    | Killed Nergalle
 28511 | Orc:1    | Found a transporter.
 28519 | Orc:1    | Noticed dorpapst's ghost (journeyman HOBe)
 28526 | Orc:1    | Found a transporter.
 28549 | Orc:1    | Found a burning altar of Makhleb.
 28614 | Orc:1    | Noticed Josephine
 28625 | Orc:1    | Reached skill level 5 in Stealth
 28628 | Orc:1    | Killed Josephine
 28628 | Orc:1    | Reached XP level 15. HP: 73/108 MP: 14/24
 28964 | Orc:2    | Entered Level 2 of the Orcish Mines
 29028 | Orc:2    | Noticed Donald
 29029 | Orc:2    | Noticed Nessos
 29053 | Orc:1    | Killed Donald
 29470 | Orc:2    | HP: 2/108 [Nessos/arrow (7)]
 29471 | Orc:2    | Succumbed to Nessos's poison

Levels and vault maps discovered:
D:1:      psy_arrival_dodecagon, layout_basic, minivault_14, dk_noncrumbling_4,
          minivault_26
D:2:      layout_loops_corners, yredelemnul_forgotten_temple_becter,
          ashenzari_conservatory_becter, lemuel_crystal_altar, first_ration,
          minmay_worlds_worst_comb, uniq_terence
D:3:      layout_loops_ring, marbit_many_paths, chequers_serial_rivers_micro_b
D:4:      minmay_spotlight, layout_basic, lemuel_crystal_altar, serial_shops,
          nicolae_shop_statue_plus, shop, nicolae_shop_statue_plus,
          shop_fountains, nicolae_shop_overgrown_old_shop,
          hangedman_abyss_or_decor_slice
D:5:      layout_gridville, grunt_temple_overflow_cloverleaf
D:6:      layout_cave_pools, minmay_temple_entry_proselytizer, serial_shops,
          shop, minmay_misc_feat_cross
D:7:      layout_loops_corners, eat_drink_and_be_merry_uskayaw
D:8:      layout_loops_ring, hangedman_ranch [blue_anna_fruit_fields]
D:9:      layout_stronghold, old_standard_altar, uniq_grum, uniq_joseph
D:10:     layout_gridville, serial_shops, shop, jiyva_altar_1
D:11:     hangedman_cross_veins, layout_gridville, minmay_lair_entry_grove
D:12:     layout_loops_ring, orc_0_dummy, gauntlet_entry_generic
Temple:   minmay_temple_curvy_loop
Lair:1:   layout_roguey, hibernation_bobbens
Lair:2:   layout_gridlike, minmay_swamp_entry_reptiles,
          guppyfry_snake_entry_island
Lair:3:   layout_regular_city, kennysheep_catoblepas_arena, uniq_fannar
Lair:4:   layout_cave_pods
Lair:5:   layout_loops_ring, slime_altar_2, grunt_megastairs_4
Lair:6:   hangedman_lair_in_review, layout_gridlike, roderic_batcave,
          bobbens_ice_dragon_lair
Orc:1:    layout_caves, serial_shops, shop, gammafunk_ghost_berserking_beasts,
          basic_altar, uniq_josephine, uniq_sonja, uniq_nergalle
Orc:2:    st_orc_elflike, layout_diamond_mine, basic_altar, ebering_ghost_xom,
          uniq_donald, uniq_nessos

Skill      XL: |  1  2  3  4  5  6  7  8  9 10 11 12 13 14 |
---------------+-------------------------------------------+-----
Polearms       | 4 5 6 9 11 13 14 | 14.0
Charms         | 4 5 7 8 9 10 | 10.0
Fighting       | 3 5 6 8 9 10 11 | 11.8
Shields        | 1 3 5 6 8 10 | 10.3
Spellcasting   | 3 4 5 6 |  6.0
Necromancy     | 2 3 5 |  5.0
Translocations | 3 5 |  5.0
Hexes          | 3 5 |  5.0
Dodging        | 6 10 11 | 11.5
Armour         | 3 4 5 |  5.8
Stealth        | 5 |  5.3
Invocations    | 4 |  4.6

Action                   |  1- 3 |  4- 6 |  7- 9 | 10-12 | 13-15 || total
-------------------------+-------+-------+-------+-------+-------++-------
Melee: Spear             |   105 |   146 |       |       |       ||   251
       Trident           |       |   114 |   301 |   701 |   813 ||  1929
       Tailslap          |       |       |       |    22 |     1 ||    23
       Demon trident     |       |       |       |       |    80 ||    80
Throw: Stone             |     5 |       |       |       |       ||     5
       Dart              |       |       |     1 |    12 |     6 ||    19
 Cast: Infusion          |    14 |    23 |    19 |    13 |    18 ||    87
       Song of Slaying   |     1 |     9 |     3 |    12 |    15 ||    40
       Spectral Weapon   |       |       |    10 |    65 |    78 ||   153
       Shroud of Golubri |       |       |     1 |     9 |     9 ||    19
       Regeneration      |       |       |       |    10 |    12 ||    22
Invok: Ancestor Identity |       |       |     1 |       |       ||     1
       Ancestor Life: He |       |       |       |     1 |       ||     1
       Recall Ancestor   |       |       |       |     4 |     3 ||     7
       Idealise          |       |       |       |       |     1 ||     1
 Abil: Stop Flying       |       |       |       |     1 |       ||     1
       Evoke Berserk Rag |       |       |       |       |     1 ||     1
  Use: Scroll            |       |     9 |     5 |    11 |    11 ||    36
       Potion            |       |       |       |     2 |     1 ||     3
 Stab: Sleeping          |     1 |     1 |     3 |     2 |     5 ||    12
       Distracted        |       |       |     3 |    11 |    22 ||    36
       Confused          |       |       |       |    11 |     7 ||    18
       Petrified         |       |       |       |       |     1 ||     1
  Eat: Chunk             |     1 |    16 |    11 |    26 |    35 ||    89
       Ration            |       |       |     1 |     4 |     2 ||     7
Armor: Leather armour    |    14 |    61 |    37 |    94 |   124 ||   330
       Robe              |       |    19 |    44 |       |       ||    63
       Acid dragon scale |       |       |       |       |     5 ||     5
Dodge: Dodged            |    53 |   156 |   126 |   250 |   469 ||  1054
Block: Buckler           |       |    14 |    45 |   151 |   256 ||   466
       Shield            |       |       |       |       |    16 ||    16

Table legend:
 A = Non-vault XP
 B = Vault XP
 C = Vault XP percentage of total XP
 D = Non-vault monster count
 E = Vault monster count
 F = Vault count percentage of total count
                 A         B        C        D         E       F
            +---------+---------+-------+---------+---------+-------
      Total |   53895 |   36167 |  40.2 |     407 |     129 |  24.1
            +---------+---------+-------+---------+---------+-------
        D:1 |      29 |       4 |  12.1 |      20 |       2 |   9.1
        D:2 |      97 |      45 |  31.7 |      33 |       6 |  15.4
        D:3 |      95 |       2 |   2.1 |      17 |       1 |   5.6
        D:4 |     236 |       0 |   0.0 |      17 |       0 |   0.0
        D:5 |     291 |       0 |   0.0 |      11 |       0 |   0.0
        D:6 |     175 |      41 |  19.0 |       6 |       1 |  14.3
        D:7 |    1122 |       0 |   0.0 |      31 |       0 |   0.0
        D:8 |    1233 |    2159 |  63.6 |      18 |       8 |  30.8
        D:9 |    2170 |     804 |  27.0 |      36 |       4 |  10.0
       D:10 |    3160 |     676 |  17.6 |      16 |       6 |  27.3
       D:11 |    1932 |    7149 |  78.7 |      29 |      31 |  51.7
       D:12 |    5523 |       0 |   0.0 |      24 |       0 |   0.0
     Lair:1 |    3397 |     146 |   4.1 |      16 |       1 |   5.9
     Lair:2 |    7754 |     804 |   9.4 |      23 |       6 |  20.7
     Lair:3 |    2705 |    2208 |  44.9 |      12 |       4 |  25.0
     Lair:4 |    3706 |     853 |  18.7 |      12 |       1 |   7.7
     Lair:5 |    6135 |    2957 |  32.5 |      31 |       8 |  20.5
     Lair:6 |   13485 |   11988 |  47.1 |      43 |      35 |  44.9
      Orc:1 |     233 |    4498 |  95.1 |       9 |       6 |  40.0
      Orc:2 |     417 |     123 |  22.8 |       3 |       3 |  50.0
   Gauntlet |       0 |    1710 | 100.0 |       0 |       6 | 100.0
            +---------+---------+-------+---------+---------+-------
